 Dungeon Crawl Stone Soup version 0.18.1-5-g4a78601 (webtiles) character file.

161 Mefis the Magician (level 5, 0/28 HPs)
             Began as a Deep Elf Wizard on May 11, 2016.
             Was an Initiate of Sif Muna.
             Slain by an iguana (3 damage)
             ... on level 4 of the Dungeon.
             The game lasted 00:09:15 (3934 turns).

Mefis the Magician (Deep Elf Wizard)                Turns: 3934, Time: 00:09:16

Health: 0/28       AC:  3    Str:  4    XL:     5   Next: 18%
Magic:  3/15       EV: 13    Int: 24    God:    Sif Muna [......]
Gold:   200        SH:  0    Dex: 13    Spells: 7 memorised, 0 levels left

rFire  . . .     SeeInvis .     e - +2 dagger (drain)
rCold  . . .     Gourm    .     a - +0 robe
rNeg   . . .     Faith    .     (no shield)
rPois  .         Spirit   .     b - +0 hat
rElec  .         Dismiss  .     w - +0 cloak
rCorr  .         Reflect  .     (no gloves)
SustAt .         Harm     .     (no boots)
MR     .....     Clarity  +     (no amulet)
Stlth  ++........               (no ring)
                                (no ring)

@: not resistant to hostile enchantments, unstealthy
A: clarity, mutation resistance 1
a: Renounce Religion


You were on level 4 of the Dungeon.
You worshipped Sif Muna.
Sif Muna was noncommittal.
You were hungry.

You visited 1 branch of the dungeon, and saw 4 of its levels.

You collected 200 gold pieces.

Inventory:

Hand Weapons
 e - a +2 dagger of draining (weapon)
 q - a +0 lajatang
Missiles
 f - 61 arrows
 m - 3 javelins (quivered)
 t - 7 poisoned needles
Armour
 a - a +0 robe (worn)
 b - a +0 hat (worn)
 w - a +0 cloak (worn)
Wands
 r - a wand of confusion (17/48)
Scrolls
 h - 2 scrolls of enchant armour {unknown}
 j - a scroll of teleportation {unknown}
 l - a scroll of enchant weapon {unknown}
 o - 2 scrolls of random uselessness {unknown}
 v - 2 scrolls of remove curse
 x - a scroll of immolation
 y - a scroll of fog
Potions
 g - a potion of ambrosia {unknown}
 k - 2 potions of curing
 p - a potion of lignification {unknown}
 s - a potion of heal wounds {unknown}
Books
 c - a book of Minor Magic

   Spells                             Type                      Level
   a - Magic Dart                     Conjuration                  1
   b - Blink                          Translocation                2
   c - Call Imp                       Summoning                    2
   d - Repel Missiles                 Charms/Air                   2
   e - Slow                           Hexes                        2
   f - Conjure Flame                  Conjuration/Fire             3
   g - Mephitic Cloud                 Conjuration/Poison/Air       3
Comestibles
 d - 3 bread rations
 i - a beef jerky
 n - a slice of pizza


   Skills:
 + Level 3.2 Dodging
 + Level 3.4 Stealth
 * Level 5.6 Spellcasting
 * Level 2.3 Conjurations
 + Level 1.8 Summonings
 + Level 2.0 Translocations
 + Level 0.7 Fire Magic
 + Level 0.7 Poison Magic
 + Level 0.4 Invocations


You couldn't memorise any spells.
You knew the following spells:

 Your Spells              Type           Power        Failure   Level  Hunger
a - Magic Dart            Conj           ###.         3%          1    None
b - Call Imp              Summ           ###.....     8%          2    None
c - Blink                 Tloc           N/A          8%          2    None
d - Repel Missiles        Chrm/Air       #.....       14%         2    None
e - Mephitic Cloud        Conj/Pois/Air  ##......     21%         3    #......
f - Conjure Flame         Conj/Fire      ##......     17%         3    #......
g - Slow                  Hex            #.......     14%         2    None


Dungeon Overview and Level Annotations

Branches:
Dungeon (4/15)
 Temple: D:4-7

Altars:
Fedhas
Kikubaaqudgha
Qazlal
Sif Muna


Innate Abilities, Weirdness & Mutations

You possess an exceptional clarity of mind.
You are somewhat resistant to further mutation.


Message History

The iguana is almost dead.
The iguana closely misses you.
Casting: Magic Dart
Confirm with . or Enter, or press ? or * to list all spells.
Aiming: Magic Dart
Press: ? - help, Shift-Dir - straight line, f/p - iguana
Aim: an iguana (almost dead)
The magic dart hits the iguana.
The iguana is almost dead.
The iguana bites you!
* * * LOW HITPOINT WARNING * * *
Casting: Magic Dart
Confirm with . or Enter, or press ? or * to list all spells.
Aiming: Magic Dart
Press: ? - help, Shift-Dir - straight line, f/p - iguana
Aim: an iguana (almost dead)
The magic dart hits the iguana.
The iguana is almost dead.
The iguana bites you.
You die...

# # .# #.####.#
#......#
#...@l.#
%..............
####.####.####.
# .# . .. ..
...


You could see an iguana.

Vanquished Creatures
  Terence (D:3)
  6 adders
  An adder skeleton (D:4)
  3 dart slugs
  4 giant geckos
  An orc (D:3)
  7 bats
  3 giant cockroaches (D:2)
  12 hobgoblins
  A jackal (D:3)
  A quokka (D:2)
  A ball python (D:2)
  3 giant newts (D:2)
  11 goblins
  6 kobolds
  5 rats
66 creatures vanquished.

Notes
Turn   | Place    | Note
--------------------------------------------------------------
     0 | D:1      | Mefis the Deep Elf Wizard began the quest for the Orb.
     0 | D:1      | Reached XP level 1. HP: 10/10 MP: 7/7
   242 | D:1      | Reached XP level 2. HP: 15/15 MP: 5/9
   280 | D:1      | Learned a level 2 spell: Call Imp
   283 | D:1      | Learned a level 2 spell: Blink
   286 | D:1      | Learned a level 2 spell: Repel Missiles
  1084 | D:2      | Reached skill level 5 in Spellcasting
  1084 | D:2      | Reached XP level 3. HP: 17/19 MP: 3/11
  1106 | D:2      | Learned a level 3 spell: Mephitic Cloud
  1224 | D:2      | Found an ancient bone altar of Kikubaaqudgha.
  1686 | D:2      | Found a stormy altar of Qazlal.
  2023 | D:2      | Reached XP level 4. HP: 24/24 MP: 11/13
  2037 | D:2      | Learned a level 3 spell: Conjure Flame
  2061 | D:2      | Found a deep blue altar of Sif Muna.
  2064 | D:2      | Became a worshipper of Sif Muna the Loreminder
  2239 | D:2      | Found a blossoming altar of Fedhas.
  3198 | D:3      | Noticed Terence
  3214 | D:3      | Killed Terence
  3214 | D:3      | Reached XP level 5. HP: 20/28 MP: 0/15
  3218 | D:3      | Learned a level 2 spell: Slow
  3358 | D:3      | Gained mutation: You possess an exceptional clarity of mind. [potion of mutation]
  3358 | D:3      | Gained mutation: You are somewhat resistant to further mutation. [potion of mutation]
  3934 | D:4      | Slain by an iguana

Skill      XL: |  1  2  3  4 |
---------------+-------------+-----
Spellcasting   | 5 |  5.6
Stealth        | 3 |  3.4
Conjurations   | 2 |  2.3
Dodging        | 3 |  3.2
Translocations | 2 |  2.0
Summonings     | |  1.8
Fire Magic     | |  0.7
Poison Magic   | |  0.7
Invocations    | |  0.4

Action                   |  1- 3 |  4- 6 || total
-------------------------+-------+-------++-------
Melee: Dagger            |    15 |     3 ||    18
 Cast: Magic Dart        |    97 |    86 ||   183
       Repel Missiles    |     1 |       ||     1
       Mephitic Cloud    |       |     1 ||     1
       Blink             |       |     1 ||     1
  Use: Scroll            |       |     5 ||     5
       Potion            |       |     1 ||     1
 Stab: Sleeping          |     2 |     1 ||     3
  Eat: Chunk             |     3 |     1 ||     4
       Bread ration      |       |     1 ||     1
Armor: Robe              |     2 |     6 ||     8
Dodge: Dodged            |    14 |    22 ||    36
       Deflected         |     1 |       ||     1
